 Dungeon Crawl Stone Soup version 0.17.1-3-g152610e (webtiles) character file.

64 Jerry the Sneak (level 4, -3/34 HPs)
             Began as a Formicid Wanderer on Mar 8, 2016.
             Slain by an orc priest
             ... wielding a +0 flail
              (5 damage)
             ... on level 3 of the Dungeon.
             The game lasted 00:10:19 (2845 turns).

Jerry the Sneak (Formicid Wanderer)                 Turns: 2845, Time: 00:10:20

Health: -3/34      AC:  3    Str: 18    XL:     4   Next: 32%
Magic:  0/7        EV: 11    Int:  8    God:
Gold:   149        SH:  0    Dex: 13    Spells: 1 memorised, 6 levels left

rFire  . . .     SeeInvis +     w - +0 dagger (speed)
rCold  + . .     Clarity  .     m - +0 leather armour {rC+}
rNeg   . . .     SustAt   .     (no shield)
rPois  .         Gourm    .     (helmet unavailable)
rElec  .         Spirit   .     (no cloak)
rCorr  .         Warding  .     (no gloves)
rMut   .         Stasis   +     (no boots)
MR     .....                    (no amulet)
Stlth  +++.......               (no ring)
                                (no ring)

@: very slightly contaminated, not resistant to hostile enchantments, fairly
stealthy
A: permanent stasis, dig shafts and tunnels, four strong arms, antennae 3
a: Dig, Shaft Self


You were on level 3 of the Dungeon.
You were hungry.

You visited 1 branch of the dungeon, and saw 3 of its levels.

You collected 149 gold pieces.

Inventory:

Hand Weapons
 a - a +2 dagger
 w - a +0 dagger of speed (weapon)
Armour
 e - a +0 robe
 m - a +0 leather armour of cold resistance (worn)
Jewellery
 q - an uncursed ring of poison resistance {unknown}
 t - an uncursed ring of positive energy {unknown}
Scrolls
 b - a scroll of blinking
 h - 6 scrolls of identify {unknown}
 n - a scroll of teleportation {unknown}
 o - a scroll of recharging {unknown}
 s - 2 scrolls of remove curse {unknown}
 v - a scroll of fog {unknown}
Potions
 i - 3 potions of curing {unknown}
 r - a potion of might {unknown}
 u - a potion of resistance {unknown}
Books
 c - the Incunabulum of Moulding

   Spells                             Type                      Level
   a - Beastly Appendage              Transmutation                1
   b - Sticks to Snakes               Transmutation                2
 d - the Papyrus of the Frostbite

   Spells                             Type                      Level
   a - Freeze                         Ice                          1
   b - Throw Frost                    Conjuration/Ice              2
 k - a book of Frost

   Spells                             Type                      Level
   a - Freeze                         Ice                          1
   b - Throw Frost                    Conjuration/Ice              2
   c - Ozocubu's Armour               Charms/Ice                   3
   d - Throw Icicle                   Conjuration/Ice              4
   e - Summon Ice Beast               Ice/Summoning                4
   f - Condensation Shield            Ice                          4
Comestibles
 f - 3 bread rations
 g - 2 royal jellies
 j - 2 meat rations
 l - 2 fruits
 p - a slice of pizza
 x - 5 chunks of flesh


   Skills:
 + Level 2.6 Fighting
   Level 1.0 Long Blades
 + Level 1.0 Armour
 + Level 1.1 Dodging
 - Level 4.8 Stealth
 - Level 2.0 Spellcasting
 + Level 2.2 Ice Magic
   Level 1.1 Evocations


You had 6 spell levels left.
You knew the following spells:

 Your Spells              Type           Power        Failure   Level  Hunger
a - Freeze                Ice            #...         21%         1    ##.....


Dungeon Overview and Level Annotations

Branches:
Dungeon (3/15)

Altars:
Makhleb


Innate Abilities, Weirdness & Mutations

You are under a permanent stasis effect.
You can dig through walls and to a lower floor.
Your four strong arms can wield two-handed weapons with a shield.
You have a pair of large antennae on your head (SInv).


Message History

Casting: Freeze
Confirm with . or Enter, or press ? or * to list all spells.
Aiming: Freeze
Press: ? - help, Shift-Dir - straight line, f/p - orc priest
Aim: an orc priest, wielding a flail and wearing a ring mail (heavily wounded)
You miscast Freeze.
Your hands feel numb with cold.
You are feeling hungry.
The orc closely misses you. The orc priest hits you with a flail.
* * * LOW HITPOINT WARNING * * *
Casting: Freeze
Confirm with . or Enter, or press ? or * to list all spells.
Aiming: Freeze
Press: ? - help, Shift-Dir - straight line, f/p - orc priest
Aim: an orc priest, wielding a flail and wearing a ring mail (heavily wounded)
You freeze the orc priest.
The orc priest is heavily wounded.
The orc hits you with a falchion of electrocution.
* * * LOW HITPOINT WARNING * * *
The orc priest hits you with a flail.
You die...

.. .# ..
.## ...
#.####.#.
#oo......
#@.# #<.#
##.......
.....#.
.###...
## .. { .


You could see an orc priest and an orc.

Vanquished Creatures
  2 adders (D:2)
  A giant gecko (D:1)
  3 orcs
  4 bats
  2 giant cockroaches
  9 goblins
  2 hobgoblins (D:2)
  8 kobolds
  4 giant newts
  5 rats
40 creatures vanquished.

Notes
Turn   | Place    | Note
--------------------------------------------------------------
     0 | D:1      | Jerry the Formicid Wanderer began the quest for the Orb.
     0 | D:1      | Jerry set off with: a +2 dagger, a scroll of blinking, the Incunabulum of Moulding, the Papyrus of the Frostbite, a +0 robe, a bread ration
     0 | D:1      | Reached XP level 1. HP: 15/15 MP: 2/2
   268 | D:1      | Reached XP level 2. HP: 8/21 MP: 4/4
   736 | D:1      | Reached XP level 3. HP: 23/27 MP: 5/5
  1323 | D:2      | Identified the Incunabulum of Moulding
  1323 | D:2      | Identified the Papyrus of the Frostbite
  1325 | D:2      | Learned a level 1 spell: Freeze
  1799 | D:2      | Found a burning altar of Makhleb.
  1933 | D:2      | Reached skill level 1 in Dodging
  2382 | D:2      | Reached XP level 4. HP: 15/34 MP: 1/7
  2818 | D:2      | Reached skill level 1 in Armour
  2845 | D:3      | Slain by an orc priest

Action                   |  1- 3 |  4- 6 || total
-------------------------+-------+-------++-------
Melee: Dagger            |   113 |    21 ||   134
 Cast: Freeze            |     7 |     7 ||    14
 Stab: Sleeping          |     9 |     1 ||    10
       Distracted        |     1 |       ||     1
  Eat: Chunk             |     4 |     2 ||     6
